 Dungeon Crawl Stone Soup version 0.24.0-2-g5b39cebb1c (webtiles) character file.

Game seed: 8819779007029144607, levelgen mode: deterministic

109 inmateoo the Slasher (level 4, 0/34 HPs)
             Began as a Vampire Warper on Oct 31, 2019.
             Slain by Natasha (2 damage)
             ... on level 2 of the Dungeon.
             The game lasted 00:01:41 (1242 turns).

inmateoo the Slasher (Vampire Warper)               Turns: 1242, Time: 00:01:41

Health: 0/34       AC:  5    Str: 11    XL:     4   Next: 59%
Magic:  0/7        EV: 11    Int: 15    God:
Gold:   78         SH:  0    Dex: 13    Spells: 7/7 levels left

rFire    . . .     SeeInvis +   a - +0 falchion
rCold    . . .     Gourm    .   (no shield)
rNeg     . . .     Faith    .   l - +0 ring mail
rPois    .         Spirit   +   (no helmet)
rElec    .         Reflect  .   c - scarf {Spirit}
rCorr    .         Harm     .   (no gloves)
MR       .....                  (no boots)
Stlth    +.........             (no amulet)
HPRegen  0.31/turn              (no ring)
MPRegen  0.10/turn              (no ring)

@: regenerating quickly, slowed, very slow
A: no food, fangs 3, see invisible, unbreathing
a: Exsanguinate


You were on level 2 of the Dungeon.
You were alive.

You visited 1 branch of the dungeon, and saw 2 of its levels.

You collected 78 gold pieces.

Inventory:

Hand Weapons
 a - a +0 falchion (weapon)
Missiles
 e - 5 boomerangs of dispersal (quivered)
Armour
 c - a scarf of spirit shield (worn)
 l - a +0 ring mail (worn)
Scrolls
 b - a scroll of identify
 d - a scroll of blinking
 g - a scroll of amnesia
 i - a scroll of remove curse {unknown}
Potions
 f - 2 potions of curing {unknown}
 h - a potion of degeneration {unknown}
 j - a potion of agility {unknown}
 k - 2 potions of heal wounds


   Skills:
 + Level 2.4 Fighting
 * Level 3.4 Long Blades
 - Level 0.7 Throwing
 + Level 1.6 Armour
 + Level 3.1 Dodging
 - Level 2.0 Spellcasting
   Level 2.4 Translocations


You had 7 spell levels left.
You didn't know any spells.
Your spell library contained the following spells:

 Spells                   Type           Power        Failure   Level  Hunger
 Blink                    Tloc           N/A          30%         2    N/A
 Shroud of Golubria       Chrm/Tloc      #.....       43%         2    N/A
 Gell's Gravitas          Tloc           #.........   52%         3    N/A
 Lesser Beckoning         Tloc           #.........   52%         3    N/A
 Teleport Other           Tloc           #.......     52%         3    N/A
 Passage of Golubria      Tloc           N/A          89%         4    N/A

Dungeon Overview and Level Annotations

Branches:
Dungeon (2/15)

Altars:
Fedhas
Trog

Annotations:
D:2 Natasha


Innate Abilities, Weirdness & Mutations

You do not eat.
Your natural rate of healing is unusually fast.
You have razor-sharp teeth.
You have supernaturally acute eyesight. (SInv)
You can survive without breathing.


Message History

Natasha is almost dead.
The white imp disappears in a puff of smoke!
Natasha closely misses you.
The crimson imp blinks!
Unknown command.
You barely miss Natasha.
Natasha is almost dead.
Natasha stares at you and mumbles some strange words.
The magic dart hits you.
* * * LOW HITPOINT WARNING * * *
The crimson imp hits you but does no damage.
Natasha barely misses you. The crimson imp hits you.
* * * LOW HITPOINT WARNING * * *
Unknown command.
You hit Natasha but do no damage.
Natasha is almost dead.
Natasha claws you.
* * * LOW HITPOINT WARNING * * *
The crimson imp closely misses you.
You riposte.
You completely miss the crimson imp. Natasha claws you.
You die...

#.# #.# #.##....# #.#
#.#####.......# #.#
#.............# #.#
##...........## # #.#
#.#.....##..##### #.#
#...##...........
#.#######..##.###..#####
#...<..5h#.##.(.........
#######@###.#.###..#####
#.## ##..#....##### ##
#.#.#._.......
#.##.#...#####. ..#
#.....# #.# #...#.## #.
#.#.#.# #. # #...#.# #.
##.##.# #.


You could see Natasha and a crimson imp.

Vanquished Creatures
  Terence (D:2)
  Natasha (D:2)
  An adder (D:2)
  An ooze (D:2)
  A dart slug (D:2)
  2 leopard geckos
  A ball python (D:1)
  2 giant cockroaches
  7 goblins (D:1)
  8 hobgoblins
  2 jackals (D:1)
  2 kobolds (D:1)
  4 bats
  3 frilled lizards
  6 rats
42 creatures vanquished.

Notes
Turn   | Place    | Note
-------+----------+-------------------------------------------
     0 | D:1      | inmateoo the Vampire Warper began the quest for the Orb.
     0 | D:1      | Reached XP level 1. HP: 16/16 MP: 3/3
    53 | D:1      | Reached skill level 1 in Armour
    80 | D:1      | Reached XP level 2. HP: 22/22 MP: 5/5
   636 | D:1      | Reached XP level 3. HP: 27/27 MP: 6/6
   849 | D:2      | Found a bloodstained altar of Trog.
   944 | D:2      | Found a blossoming altar of Fedhas.
   996 | D:2      | Noticed Terence
   996 | D:2      | Noticed Natasha
  1019 | D:2      | Killed Terence
  1019 | D:2      | Reached XP level 4. HP: 31/34 MP: 5/7
  1025 | D:2      | Killed Natasha
  1221 | D:2      | Noticed Natasha
  1242 | D:2      | Slain by Natasha

Levels and vault maps discovered:
D:1:      minmay_arrival_open_corners, layout_loops_corners
D:2:      layout_loops_ring, bloody_trog, fedhas_altar_3, uniq_terence,
          uniq_natasha

Skill      XL: |  1  2  3 |
---------------+----------+-----
Armour         | 1 |  1.6
Fighting       | 2 |  2.4
Long Blades    | 3 |  3.4
Dodging        | 3 |  3.1
Throwing       | |  0.7
Spellcasting   | |  2.0
Translocations | |  2.4

Action                   |  1- 3 |  4- 6 || total
-------------------------+-------+-------++-------
Melee: Falchion          |   116 |    30 ||   146
       Bite              |    14 |     7 ||    21
  Use: Scroll            |     2 |     2 ||     4
 Stab: Sleeping          |     1 |       ||     1
Armor: Leather armour    |    28 |       ||    28
       Ring mail         |       |     6 ||     6
Dodge: Dodged            |    89 |    16 ||   105
       Rpst.: Falchion   |    30 |     5 ||    35
